 Dungeon Crawl Stone Soup version 0.17.0-24-gcfadda4 (webtiles) character file.

56 MirrMurr the Changer (level 3, -3/15 HPs)
             Began as a Felid Transmuter on Nov 16, 2015.
             Was a Believer of Lugonu.
             Killed from afar by Natasha (8 damage)
             ... with a wand of frost
             ... on level 2 of the Dungeon.
             The game lasted 00:05:48 (1321 turns).

MirrMurr the Changer (Felid Transmuter)             Turns: 1321, Time: 00:05:48

Health: -3/15      AC:  1    Str:  6    XL:     3   Next: 69%
Magic:  7/7        EV: 23    Int: 15    God:    Lugonu [**....]
Gold:   68         SH:  0    Dex: 16    Spells: 2 memorised, 3 levels left
                                        Lives:  0   Deaths: 0

rFire  . . .     SeeInvis +       - Unarmed
rCold  . . .     Clarity  .     (armour unavailable)
rNeg   . . .     SustAt   .     (shield unavailable)
rPois  .         Gourm    .     (helmet unavailable)
rElec  .         Spirit   .     (cloak unavailable)
rCorr  .         Warding  .     (gloves unavailable)
rMut   .         Stasis   .     (boots unavailable)
MR     .....                    (no amulet)
Stlth  ++........               (no ring)
                                f - +5 ring of evasion

@: quick, not resistant to hostile enchantments, unstealthy
A: no armour, no weapons or thrown items, claws 1, fangs 3, see invisible,
carnivore 3, speed 1, shaggy fur 1, slow metabolism 1, sharp paws
a: Depart the Abyss, Bend Space, Renounce Religion


You were on level 2 of the Dungeon.
You worshipped Lugonu.
Lugonu was pleased with you.
You were completely stuffed.

You visited 1 branch of the dungeon, and saw 2 of its levels.

You collected 68 gold pieces.

Inventory:

Missiles
 a - 10 arrows
Jewellery
 f - a +5 ring of evasion (left paw)
Scrolls
 k - 2 scrolls of recharging
Potions
 d - a potion of invisibility {unknown}
 e - a potion of might
 g - a potion of cure mutation {unknown}
 h - a potion of curing {unknown}
 i - 2 potions of lignification {unknown}
 j - a potion of brilliance {unknown}
Books
 b - a book of Changes

   Spells                             Type                      Level
   a - Beastly Appendage              Transmutation                1
   b - Sticks to Snakes               Transmutation                2
   c - Spider Form                    Transmutation/Poison         3
   d - Ice Form                       Ice/Transmutation            4
   e - Blade Hands                    Transmutation                5
Comestibles
 c - a meat ration


   Skills:
 - Level 1.0 Fighting
 - Level 2.6 Dodging
 + Level 3.6 Unarmed Combat
 - Level 2.0 Spellcasting
 * Level 3.9 Transmutations


You had 3 spell levels left.
You knew the following spells:

 Your Spells              Type           Power        Failure   Level  Hunger
a - Beastly Appendage     Trmt           ##....       6%          1    #......
b - Sticks to Snakes      Trmt           ##........   10%         2    ###....


Dungeon Overview and Level Annotations

Branches:
Dungeon (2/15)

Altars:
Lugonu

Annotations:
D:2 Natasha


Innate Abilities, Weirdness & Mutations

You cannot wear armour.
You are incapable of wielding weapons or throwing items.
You have sharp claws.
You have razor-sharp teeth.
You have supernaturally acute eyesight.
You are carnivorous and can eat meat at any time.
You cover ground quickly.
You are covered in fur (AC +1).
You have a slow metabolism.
Your sharp claws are effective at attacking unaware monsters.


Message History

You scratch Natasha.
You kill Natasha!
Lugonu accepts your kill.
Natasha screams in fury as she dies!
The shadow imp disappears in a puff of smoke!
There is an open door here.
h - a grey potion
k - 2 scrolls of recharging (gained 1)
Found a scroll of enchant armour.
Natasha, Servant of Life and Death comes into view.
Natasha hisses angrily.
Natasha zaps a wand.
The puff of frost hits you!
It is a wand of frost.
Natasha zaps a wand.
The puff of frost misses you.
Natasha zaps a wand.
The puff of frost misses you.
Natasha stares at you and mumbles some strange words.
The magic dart hits you!
There is an escape hatch in the floor here.
Natasha zaps a wand.
The puff of frost hits you!
Ouch! That really hurt!
You die...

#..... . ..#....#.#..#. #....#
##.#.# #.##.#.#..#. #....# #....#
#.##.#.#.... #....####..#.#
#....#.#.... #
#..........#.#.#......#....
#.#####..........#.#.#......#.#..
#....................#..#...# #..
#......###.>.......###..#.### #.<
#.......##......@...........#.#..
#.......#######'#.#..#..#......(.
#.#####.#...†h..#.#..#..?...#.#.#
#.# #...............#......#.#..
#.# #..............##.....## #..
..# #..............+...#...# #..
..# #.........#....##......# #..
..# #.........#....# ... ..# #..
#'## ##....#####....# ##.


You could see Natasha.

Vanquished Creatures
  Natasha (twice) (D:2)
  An adder (D:2)
  A giant cockroach (D:1)
  A goblin (D:1)
  A hobgoblin (D:1)
  2 ball pythons (D:1)
  2 giant newts (D:1)
  2 kobolds (D:1)
  7 rats
19 creatures vanquished.

Notes
Turn   | Place    | Note
--------------------------------------------------------------
     0 | D:1      | MirrMurr the Felid Transmuter began the quest for the Orb.
     0 | D:1      | Reached XP level 1. HP: 9/9 MP: 4/4
   381 | D:1      | Reached XP level 2. HP: 12/12 MP: 6/6
   620 | D:1      | Learned a level 2 spell: Sticks to Snakes
  1038 | D:2      | Found a faded altar to an unknown god.
  1084 | D:2      | Became a worshipper of Lugonu the Unformed
  1084 | D:2      | Reached * piety under Lugonu
  1084 | D:2      | Reached ** piety under Lugonu
  1119 | D:2      | Noticed Natasha
  1128 | D:2      | Killed Natasha
  1128 | D:2      | Reached XP level 3. HP: 15/15 MP: 7/7
  1226 | D:2      | Noticed Natasha
  1276 | D:2      | Killed Natasha
  1304 | D:2      | Noticed Natasha
  1321 | D:2      | Killed from afar by Natasha

Action                   || total
-------------------------++-------
Melee: Unarmed           ||    64
 Cast: Sticks to Snakes  ||     2
       Beastly Appendage ||     1
  Use: Scroll            ||     8
       Potion            ||     1
 Stab: Sleeping          ||     6
  Eat: Chunk             ||     8
